AoeStats
← old f1sh

Black Forest

510352510Analyzed
4v4 RM · 11h ago on Sep 30, 2026· 38m 30s· 8 players
Game mode
Random Map
Map size
Large (8 player)
Population
200
Speed
Normal
Resources
Standard
Victory
Conquest
Starting age
Dark Age
Ending age
Imperial Age
RankedLock teamsTeams togetherTeam positionsShared explorationLock speedFull tech treeHidden civsTurbo modeCheats
Victory
Defeat
🇫🇮 Vietnamese · Finland
1397
+16
🇫🇮 Lithuanians · Finland
1385
+17
🇨🇴 Persians · Colombia
1369
+17
🇷🇺 Sicilians · Russia
1355
+18
🇨🇳 Burgundians · China
1423
-18
🇦🇹 Burmese · Austria
1417
-17
🇨🇳 Varangians · China
1392
-17
🇨🇳 Turks · China
1364
-16
TITO15
8:49 Loom
11:19 Feudal Age
14:46 Castle Age
13:17 Double-Bit Axe
13:46 Horse Collar
16:01 Bow Saw
16:58 Wheelbarrow
21:46 Gold Mining
22:22 Stone Mining
23:03 Heavy Plow
28:07 Imperial Age
26:02 Hand Cart
26:44 Gold Shaft Mining
27:37 Scale Barding Armor
28:38 Chain Barding Armor
29:14 Stone Shaft Mining
29:31 Conscription
28:33 Elite War Elephant
29:53 Plate Barding Armor
30:02 Forging
31:31 Bloodlines
31:22 Husbandry
32:00 Iron Casting
33:40 Blast Furnace
Абэма
1:08 Loom
11:58 Feudal Age
21:40 Fletching
28:50 Castle Age
27:16 Horse Collar
28:01 Scale Mail Armor
28:15 Stone Mining
30:04 Bodkin Arrow
30:27 Chain Mail Armor
31:39 Forging
32:48 Forging
33:53 Wheelbarrow
34:58 Bloodlines
34:49 Husbandry
37:09 Heavy Plow
36:57 Double-Bit Axe
Yasuo, the Unforgiven
0:28 Loom
11:13 Feudal Age
11:59 Double-Bit Axe
18:52 Castle Age
16:44 Horse Collar
17:12 Gold Mining
19:48 Bow Saw
29:59 Wheelbarrow
34:00 Imperial Age
31:41 Fletching
33:05 Bodkin Arrow
33:51 Padded Archer Armor
34:14 Ballistics
34:14 Crossbowman
35:23 Bracer
36:22 Leather Archer Armor
35:43 Arbalester
37:59 Ring Archer Armor
38:31 Thumb Ring
cro55b0w
10:16 Feudal Age
10:41 Loom
13:11 Double-Bit Axe
16:31 Castle Age
15:23 Double-Bit Axe
15:51 Gold Mining
16:49 Bloodlines
19:06 Bow Saw
20:21 Husbandry
26:36 Wheelbarrow
32:41 Imperial Age
29:49 Light Cavalry
30:55 Fervor
30:49 Horse Collar
31:14 Stone Mining
31:48 Scale Barding Armor
33:22 Chain Barding Armor
33:08 Cavalier
35:00 Masonry
37:53 Plate Barding Armor
37:57 Hand Cart
38:32 Town Watch
38:26 Winged Hussar
old f1sh
3:45 Double-Bit Axe
11:14 Feudal Age
15:00 Castle Age
20:31 Wheelbarrow
21:04 Bow Saw
20:55 Horse Collar
23:16 Gold Mining
24:47 Heavy Plow
28:24 Imperial Age
28:01 Hand Cart
27:32 Loom
30:09 Chemistry
29:49 Padded Archer Armor
30:15 Guilds
31:30 Leather Archer Armor
31:16 Scale Mail Armor
31:26 Forging
31:59 Squires
33:00 Pikeman
34:55 Block Printing
35:36 Fortified Wall
36:02 Illumination
V我50%匡扶汉室
4:35 Loom
12:35 Feudal Age
13:35 Double-Bit Axe
13:33 Horse Collar
16:23 Castle Age
17:31 Bow Saw
17:24 Heavy Plow
17:17 Gold Mining
23:44 Gold Mining
29:58 Imperial Age
28:05 Wheelbarrow
29:56 Hand Cart
30:50 Padded Archer Armor
32:43 Leather Archer Armor
34:06 Ring Archer Armor
36:14 Bloodlines
36:05 Husbandry
Listiger
2:44 Loom
10:18 Feudal Age
11:58 Horse Collar
19:56 Castle Age
19:37 Wheelbarrow
19:05 Gold Mining
19:08 Stone Mining
涅槃重生
0:28 Loom
13:05 Feudal Age
Connection lost

Rejoining the realm…

Still unreachable

The connection could not be restored.

Session expired

The server has moved on; the page needs a fresh start.